 Dungeon Crawl Stone Soup version 0.30-a0-52-g86a8295270 (console) character file.

Game seed: 13442191255553263460

56 capslocke the Magician (level 4, -3/31 HPs)
             Began as a Djinni Fire Elementalist on Sept 7, 2022.
             Killed from afar by Sigmund (4 damage)
             ... with a puff of flame
             ... on level 2 of the Dungeon.
             The game lasted 00:08:57 (2140 turns).

capslocke the Magician (Djinni Fire Elementalist)   Turns: 2140, Time: 00:08:59

Health: -3/31      AC:  2    Str:  7    XL:     4   Next: 15%
Gold:   41         EV: 12    Int: 18    God:
                   SH:  0    Dex: 14

rFire   + + .      SeeInvis .    b - +2 dagger (venom)
rCold   x . .      Faith    .    (no shield)
rNeg    . . .      Spirit   .    a - +0 robe
rPois   ∞          Reflect  .    (no helmet)
rElec   .          Harm     .    (no cloak)
rCorr   .          Rampage  .    (no gloves)
Will    .....                    (boots unavailable)
Stlth   ++........               (no amulet)
HPRegen 0.10/turn                (no ring)
MPRegen 0.00/turn                (no ring)

@: flying
A: sickness immunity, fire resistance 2, cold vulnerability 1, float, innate
caster, HP casting, extra vitality 1
a: no special abilities


You were on level 2 of the Dungeon.
You visited 1 branch of the dungeon, and saw 2 of its levels.

You collected 41 gold pieces.

Inventory:

Hand Weapons
 b - a +2 dagger of venom (weapon)
Armour
 a - a +0 robe (worn)
Scrolls
 e - a scroll of teleportation {unknown}
 g - a scroll of torment {unknown}
Potions
 h - a potion of magic
 i - a potion of heal wounds {unknown}


   Skills:
 + Level 0.1 Fighting
 + Level 0.2 Short Blades
 + Level 2.5 Dodging
 - Level 1.6 Stealth
 + Level 3.4 Spellcasting


You couldn't memorise any spells.
You knew the following spells:

 Your Spells              Type           Power      Damage    Failure   Level
a - Foxfire               Conj/Fire      60%        2x1d7     3%          1
b - Scorch                Fire           30%        2d7       5%          2
c - Conjure Flame         Conj/Fire      15%        6-21      11%         3
d - Inner Flame           Hex/Fire       15%        N/A       11%         3
e - Flame Wave            Conj/Fire      15%        2d7       36%         4
f - Magic Dart            Conj           60%        1d6       3%          1
Your spell library was empty.

Dungeon Overview and Level Annotations

Branches:
Dungeon (2/15)

Altars:

Annotations:
D:2 Sigmund


Innate Abilities, Weirdness & Mutations

You are immune to sickness and miasma.
You are immune to poison.
Your flesh is very heat resistant. (rF++)
You are vulnerable to cold. (rC-)
You float through the air rather than walking.
You learn spells naturally, not from books.
Your magical power is your life essence.
You have superior vitality. (+4 MHP)


Message History

Sigmund is moderately wounded.
Sigmund points at you and mumbles some strange words.
The puff of flame misses you. Sigmund gestures at you while chanting.
The puff of flame hits you. You resist.
* * * LOW HITPOINT WARNING * * *
Sigmund points at you and mumbles some strange words.
You are confused.
You feel better.
Sigmund says, "Now you see me, now you don't..."
As you open the door, it creaks loudly!
There is an open door here.
You reach down and close the door.
Sigmund opens the door.
Casting: Foxfire (safe; 3% risk of failure)
Confirm with . or Enter, or press ? or * to list all spells.
You conjure some foxfire!
Casting: Foxfire (safe; 3% risk of failure)
Confirm with . or Enter, or press ? or * to list all spells.
You conjure some foxfire!
The foxfire hits Sigmund.
Sigmund is heavily wounded.
The foxfire hits Sigmund.
Sigmund is heavily wounded.
Sigmund hits you from afar with a +0 scythe!
* * * LOW HITPOINT WARNING * * *
Casting: Foxfire (safe; 3% risk of failure)
Confirm with . or Enter, or press ? or * to list all spells.
You conjure some foxfire!
* * * LOW HITPOINT WARNING * * *
The foxfire hits Sigmund.
Sigmund is severely wounded.
The foxfire hits Sigmund.
Sigmund is severely wounded.
The foxfire hits Sigmund but does no damage.
Sigmund is severely wounded.
The foxfire hits Sigmund.
Sigmund is almost dead.
Sigmund casts a spell at you. The puff of flame hits you. You resist.
You die...

#.#.........#
#.††....#
#.######...##
####.#### #.# ##.##
#.#### #@# #.#
#....# #.# #.#
####.# #.# ##@## #)#
#.# ##...## #.# #.#
##..§§.## ####.# ..#
##..§@...## ##.##.#
).##
#.....)...####...#.#
.(.
+.........'........#
?.(.
#.........####...#)#
..(.. ##.......##
##.##.# ......
##.....## ####.#
##...## #.# ##'##
... #.# ...


You could see Sigmund.

Vanquished Creatures
  3 dart slugs (D:1)
  2 orcs (D:2)
  5 endoplasms
  2 giant cockroaches
  A goblin (D:2)
  4 hobgoblins
  3 jackals (D:2)
  7 kobolds
  3 quokkas (D:1)
  4 ball pythons (D:1)
  3 bats (D:1)
  2 frilled lizards
  3 rats
42 creatures vanquished.

Vanquished Creatures (others)
  69 foxfires
69 creatures vanquished.

Grand Total: 111 creatures vanquished

Notes
Turn   | Place    | Note
-------+----------+-------------------------------------------
     0 | D:1      | capslocke the Djinni Fire Elementalist began the quest for
                  | the Orb.
     0 | D:1      | capslocke set off with the following spells memorised:
                  | Foxfire, Scorch, Conjure Flame, Inner Flame, Flame Wave.
     0 | D:1      | Reached XP level 1. HP: 15/15 MP: 0/0
   278 | D:1      | Reached XP level 2. HP: 16/21 MP: 0/0
   586 | D:1      | Reached skill level 3 in Spellcasting
   709 | D:1      | Reached XP level 3. HP: 23/25 MP: 0/0
   709 | D:1      | Learned a level 1 spell: Magic Dart
  1943 | D:2      | Reached XP level 4. HP: 28/31 MP: 0/0
  2103 | D:2      | Noticed Sigmund
  2140 | D:2      | Killed from afar by Sigmund

Illustrated notes

Levels and vault maps discovered:
D:1:      dpeg_arrival_signposts, layout_basic
D:2:      layout_loops_corners, serial_shops, shop,
          ebering_ecumenical_altar_hall, uniq_sigmund

Skill      XL: |  1  2 |
---------------+-------+-----
Spellcasting   | 3 |  3.4
Fighting       | |  0.1
Short Blades   | |  0.2
Dodging        | |  2.5
Stealth        | |  1.6

Action                   |  1- 3 |  4- 6 || total
-------------------------+-------+-------++-------
Melee: Dagger            |    27 |     5 ||    32
       Unarmed           |     1 |       ||     1
Throw: Dart              |       |     4 ||     4
 Cast: Foxfire           |    40 |    11 ||    51
       Scorch            |    12 |       ||    12
  Use: Scroll            |       |     2 ||     2
       Potion            |       |     1 ||     1
 Stab: Sleeping          |     1 |       ||     1
Armor: Robe              |     5 |     1 ||     6
Dodge: Dodged            |    24 |     8 ||    32

Table legend: (Time is in decaauts)
 A = Elapsed time spent in this place.
 B = Non-inter-level travel time spent in this place.
 C = Inter-level travel time spent in this place.
 D = Time resting spent in this place.
 E = Time spent auto-exploring this place.
 F = Levels seen in this place.
 G = Mean time per level.
                   A        B        C        D        E       F      G
               +--------+--------+--------+--------+--------+-----+--------+
         Total |   2139 |   2076 |     63 |   1012 |    783 |   2 | 1069.5 |
       Dungeon |   2139 |   2076 |     63 |   1012 |    783 |   2 | 1069.5 |
               +--------+--------+--------+--------+--------+-----+--------+

Top non-repeatable levels by time:
     D:1: 1763 daAuts
     D:2: 375 daAuts
